 Dungeon Crawl Stone Soup version 0.19-a0-944-gb338e1e (webtiles) character file.

1267 Implojin the Grappler (level 8, 0/74 HPs)
             Began as a Troll Fighter on July 10, 2016.
             Was a Believer of Okawaru.
             Slain by an ice beast (10 damage)
             ... on level 11 of the Dungeon.
             The game lasted 00:05:07 (771 turns).

Implojin the Grappler (Troll Fighter)                Turns: 771, Time: 00:05:07

Health: 0/74       AC:  5    Str: 25    XL:     8   Next: 28%
Magic:  2/7        EV: 12    Int:  4    God:    Okawaru [**....]
Gold:   21         SH: 11    Dex: 11    Spells: 0 memorised, 7 levels left

rFire  . . .     SeeInvis .       - Unarmed
rCold  . . .     Gourm    +     a - +0 robe
rNeg   . . .     Faith    .     b - +0 shield
rPois  .         Spirit   .     (helmet restricted)
rElec  .         Dismiss  .     (no cloak)
rCorr  .         Reflect  .     (gloves unavailable)
SustAt .         Harm     .     (boots unavailable)
MR     .....                    (no amulet)
Stlth  ++........               (no ring)
                                (no ring)

@: heroism, not resistant to hostile enchantments, unstealthy
A: unfitting armour, claws 3, fast metabolism 3, gourmand, regeneration 2,
shaggy fur 1, tough skin 2
a: Heroism, Renounce Religion


You were on level 11 of the Dungeon.
You worshipped Okawaru.
Okawaru was pleased with you.
You were full.

You visited 2 branches of the dungeon, and saw 12 of its levels.

You collected 21 gold pieces.

Inventory:

Armour
 a - a +0 robe (worn)
 b - a +0 shield (worn)
Jewellery
 k - a +6 ring of dexterity {unknown}
Wands
 h - a wand of lightning (12/15)
Scrolls
 e - a scroll of magic mapping {unknown}
 g - a scroll of random uselessness {unknown}
 j - a scroll of identify {unknown}
Potions
 f - a potion of heal wounds {unknown}
 i - a potion of brilliance {unknown}
 l - 2 potions of curing {unknown}
Comestibles
 c - a chunk of flesh
 d - 2 bread rations
 m - a meat ration


   Skills:
 - Level 2.4(7.4) Fighting
 - Level 2.4(7.4) Dodging
 - Level 2.4(7.4) Shields
 * Level 10.2(15.2) Unarmed Combat


You had 7 spell levels left.
You didn't know any spells.

Dungeon Overview and Level Annotations

Branches:
Dungeon (11/15)            Temple (1/1) D:4
   Lair: D:8-11         Orc: D:9-12

Altars:
Ashenzari
Cheibriados
Dithmenos
Elyvilon
Gozag
Kikubaaqudgha
Okawaru
Pakellas
Qazlal
Ru
Sif Muna
Trog
Uskayaw
Vehumet
Xom
Yredelemnul
Zin
The Shining One

Portals:
Ice
Cave: D:11


Innate Abilities, Weirdness & Mutations

You are too large for most types of armour.
You have claws for hands.
Your metabolism is lightning-fast.
You like to eat raw meat.
You heal very quickly.
You are covered in fur. (AC +1)
You have very tough skin. (AC +2)


Message History

The ice beast hits you but does no damage.
You closely miss the ice beast.
You feel sick.
You are no longer poisoned.
You block the ice beast's attack. The ice beast misses you.
You scratch the ice beast.
The ice beast is lightly wounded.
The ice beast barely misses you.
You closely miss the ice beast.
The ice beast is lightly wounded.
You block the ice beast's attack. The ice beast hits you.
* * * LOW HITPOINT WARNING * * *
The ice beast freezes you!
* * * LOW HITPOINT WARNING * * *
You block the ice beast's attack. You block the ice beast's attack.
You block the ice beast's attack. The ice beast barely misses you.
Unknown command.
The ice beast misses you.
You scratch the ice beast but do no damage.
You feel like a meek peon again. The ice beast hits you.
* * * LOW HITPOINT WARNING * * *
The ice beast freezes you.
* * * LOW HITPOINT WARNING * * *
You block the ice beast's attack.
Okay, then.
You gain the combat prowess of a mighty hero.
The ice beast barely misses you.
Unknown command.
Unknown command.
You claw the ice beast!
The ice beast is severely wounded.
The ice beast hits you.
* * * LOW HITPOINT WARNING * * *
The ice beast freezes you!
* * * LOW HITPOINT WARNING * * *
The ice beast hits you.
* * * LOW HITPOINT WARNING * * *
The ice beast freezes you!
You die...

#......#
#......###
########........#
#...............#
#............∩..##
#......$..........
#YYY..............
#@YYYY....<.......
########..........
#.........[
#######.... ... ..
.


You could see 7 ice beasts.

Vanquished Creatures
  A wyvern (D:8)
  A hungry ghost (D:9)
  2 ice beasts
  An orc warrior (D:8)
  2 ogres
  5 killer bees (D:10)
  A hound (D:4)
  2 centaur skeletons
  An orc priest (D:7)
  An iguana (D:9)
  3 orc wizards
  A worker ant (D:4)
  A hound zombie (D:8)
  A hound skeleton (D:5)
  4 gnolls (D:2)
  An adder (D:4)
  A shadow imp (D:5)
  A giant gecko (D:5)
  2 orcs
  A goblin (D:2)
  A hobgoblin (D:2)
  A ball python (D:4)
  A giant newt (D:3)
  A kobold (D:1)
  A rat (D:1)
38 creatures vanquished.

Notes
Turn   | Place    | Note
-------+----------+-------------------------------------------
     0 | D:1      | Implojin the Troll Fighter began the quest for the Orb.
     0 | D:1      | Reached XP level 1. HP: 22/22 MP: 0/0
    54 | D:2      | Found a shadowy altar of Dithmenos.
    56 | D:2      | Reached XP level 2. HP: 17/29 MP: 1/1
    60 | D:2      | Reached skill level 3 in Unarmed Combat
    64 | D:2      | Reached XP level 3. HP: 24/36 MP: 2/2
   149 | D:4      | Reached skill level 4 in Unarmed Combat
   162 | D:4      | Found a bloodstained altar of Trog.
   173 | D:4      | Reached XP level 4. HP: 44/44 MP: 3/3
   197 | D:5      | Entered Level 5 of the Dungeon
   230 | D:5      | Noticed an ogre
   238 | D:5      | Killed an ogre
   238 | D:5      | Reached skill level 5 in Unarmed Combat
   238 | D:5      | Reached XP level 5. HP: 12/50 MP: 4/4
   280 | D:4      | Found a staircase to the Ecumenical Temple.
   287 | Temple   | Entered the Ecumenical Temple
   292 | Temple   | Became a worshipper of Warmaster Okawaru
   315 | D:4      | Reached skill level 6 in Unarmed Combat
   359 | D:5      | Found an iron altar of Okawaru.
   360 | D:5      | :hah
   391 | D:6      | Noticed an ice beast
   404 | D:6      | Killed an ice beast
   404 | D:6      | Reached XP level 6. HP: 41/59 MP: 5/5
   500 | D:7      | Reached skill level 7 in Unarmed Combat
   501 | D:7      | Reached * piety under Okawaru
   578 | D:8      | Found a basalt altar of Yredelemnul.
   588 | D:8      | Noticed a wyvern
   588 | D:8      | Noticed an orc warrior
   603 | D:8      | Killed a wyvern
   603 | D:8      | Reached skill level 8 in Unarmed Combat
   603 | D:8      | Reached XP level 7. HP: 48/66 MP: 3/6
   671 | D:9      | Noticed a hungry ghost
   679 | D:9      | Killed a hungry ghost
   679 | D:9      | Reached ** piety under Okawaru
   679 | D:9      | Reached skill level 9 in Unarmed Combat
   703 | D:10     | Entered Level 10 of the Dungeon
   718 | D:10     | Reached XP level 8. HP: 71/74 MP: 4/7
   743 | D:10     | Reached skill level 10 in Unarmed Combat
   752 | D:11     | Found a frozen archway.
   771 | D:11     | Slain by an ice beast

Vault maps used:
D:1:      dpeg_arrival_court
D:2:      old_standard_altar, grunt_dithmenos_smoke, cheibrodos_gnoll_hut
D:3:      lemuel_crystal_altar, first_bread, corexii_leaking_fountain
D:4:      lightli_temple_of_fire, roderic_roman_lattice
D:5:      basic_altar
D:7:      grunt_livestock, kennysheep_generic_room_13
D:8:      makhleb_altar_promises_db, lemuel_round_altar, serial_shops,
          nicolae_shop_statue_plus, grunt_ministairs_15
D:9:      lemuel_doored_altar
D:11:     minmay_lair_entry_grove, david_orc_3,
          portal_ice_cave_entry_ice_beasts, uniq_grum
Temple:   minmay_freezing_vapour_temple

Skill      XL: |  1  2  3  4  5  6  7  8 |
---------------+-------------------------+-----
Unarmed Combat | 3 4 5 6 8 9 10 | 10.2
Fighting       | |  2.4
Dodging        | |  2.4
Shields        | |  2.4

Action                   |  1- 3 |  4- 6 |  7- 9 || total
-------------------------+-------+-------+-------++-------
Melee: Unarmed           |    27 |    48 |    57 ||   132
Invok: Heroism           |       |     1 |     7 ||     8
  Use: Potion            |       |     1 |       ||     1
  Eat: Chunk             |     6 |     4 |     4 ||    14
Armor: Robe              |     8 |     4 |     7 ||    19
Dodge: Dodged            |     5 |     6 |    18 ||    29
Block: Shield            |    14 |    16 |    38 ||    68

Table legend:
 A = Turns spent in this place as a percentage of turns spent in the entire game.
 B = Non-inter-level travel turns spent in this place as a percentage of non-inter-level travel turns spent in the entire game.
 C = Inter-level travel turns spent in this place as a percentage of turns spent in this place.
 D = Turns resting spent in this place as a percentage of non-inter-level travel turns spent in this place.
 E = Turns spent auto-exploring this place as a percentage of non-inter-level travel turns spent in this place.
 F = Non-inter-level travel turns spent in this place divided by the number of levels of this place that you've seen.
                   A       B       C       D       E      F
               +-------+-------+-------+-------+-------+----------------------
         Total | 100.0 | 100.0 |   0.0 |   0.0 |   0.0 |  62.8
       Dungeon |  98.7 |  98.7 |   0.0 |   0.0 |   0.0 |  67.5
        Temple |   1.3 |   1.3 |   0.0 |   0.0 |   0.0 |  10.0
               +-------+-------+-------+-------+-------+----------------------

Table legend:
 A = Kills in this place as a percentage of kills in entire the game.
 B = Kills by you in this place as a percentage of kills by you in the entire game.
 C = Kills by friends in this place as a percentage of kills by friends in the entire game.
 D = Other kills in this place as a percentage of other kills in the entire game.
 E = Experience gained in this place as a percentage of experience gained in the entire game.
 F = Experience gained in this place divided by the number of levels of this place that you have seen.
                   A       B       C       D       E      F
               +-------+-------+-------+-------+-------+----------------------
         Total | 100.0 | 100.0 |  -nan |  -nan | 100.0 | 150.9
       Dungeon | 100.0 | 100.0 |  -nan |  -nan | 100.0 | 164.6
               +-------+-------+-------+-------+-------+----------------------
